 Dungeon Crawl Stone Soup version 0.29.1-12-g30fa7ad0bf (webtiles) character file.

Game seed: 14898815687651800774

26 Pytinka the Magician (level 3, 0/25 HPs)
             Began as a Djinni Hedge Wizard on Dec 22, 2022.
             Slain by a black bear (4 damage)
             ... on level 2 of the Dungeon.
             The game lasted 00:02:10 (1559 turns).

Pytinka the Magician (Djinni Hedge Wizard)          Turns: 1559, Time: 00:02:12

Health: 0/25       AC:  2    Str:  9    XL:     3   Next: 22%
Gold:   105        EV: 12    Int: 17    God:
                   SH:  0    Dex: 12

rFire   + + .      SeeInvis .   a - +0 dagger
rCold   x . .      Faith    .   (no shield)
rNeg    . . .      Spirit   .   b - +0 robe
rPois   ∞          Reflect  .   c - +0 hat
rElec   .          Harm     .   (no cloak)
rCorr   .          Rampage  .   (no gloves)
Will    .....                   (boots unavailable)
Stlth   ++........              (no amulet)
HPRegen 0.08/turn               (no ring)
MPRegen 0.00/turn               (no ring)

@: flying
A: sickness immunity, fire resistance 2, cold vulnerability 1, float, innate
caster, HP casting, extra vitality 1
a: no special abilities


You were on level 2 of the Dungeon.
You visited 1 branch of the dungeon, and saw 2 of its levels.

You collected 105 gold pieces.

Inventory:

Hand Weapons
 a - a +0 dagger (weapon)
Armour
 b - a +0 robe (worn)
 c - a +0 hat (worn)
Scrolls
 d - 2 scrolls of identify {unknown}
 g - a scroll of magic mapping {unknown}
Potions
 e - a potion of flight {unknown}
 f - a potion of heal wounds {unknown}
 h - 2 potions of curing {unknown}


   Skills:
 + Level 2.4 Dodging
 + Level 1.7 Stealth
 * Level 3.1 Spellcasting


You couldn't memorise any spells.
You knew the following spells:

 Your Spells              Type           Power      Damage    Failure   Level
a - Magic Dart            Conj           52%        1d5       4%          1
b - Blink                 Tloc           26%        N/A       7%          2
c - Call Imp              Summ           13%        N/A       7%          2
d - Slow                  Hex            52%        N/A       4%          1
e - Conjure Flame         Conj/Fire      13%        6-21      14%         3
f - Mephitic Cloud        Conj/Pois/Air  13%        N/A       14%         3
g - Freeze                Ice            52%        1d7       4%          1
Your spell library was empty.

Dungeon Overview and Level Annotations

Branches:
Dungeon (2/15)

Altars:


Innate Abilities, Weirdness & Mutations

You are immune to sickness and miasma.
You are immune to poison.
Your flesh is very heat resistant. (rF++)
You are vulnerable to cold. (rC-)
You float through the air rather than walking.
You learn spells naturally, not from books.
Your magical power is your life essence.
You have superior vitality. (+4 MHP)


Message History

You miscast Magic Dart.
You are very lightly contaminated with residual magic.
Nothing appears to happen.
The bat hits you. The bat barely misses you. The rat bites you.
The magic dart hits the rat.
The rat is heavily wounded.
The bat closely misses you. The rat bites you.
The magic dart hits the rat.
You kill the rat!
The bat barely misses you.
The magic dart hits the bat.
You kill the bat!
You can't see any susceptible monsters within range! (Use Z to cast anyway.)
Your magical contamination has completely faded away.
HP restored.
A black bear comes into view.
Found 9 gold pieces.
Found a book of Air.
Found a spear.
The black bear growls angrily.
You see here a +4 chain mail.
The black bear attacks as you move away!
The black bear closely misses you. The black bear claws you.
The black bear claws you but does no damage.
There is a stone staircase leading up here.
You can't go down here!
The magic dart hits the black bear.
The black bear is lightly wounded.
The black bear barely misses you. x3
The magic dart hits the black bear.
The black bear is lightly wounded.
The black bear closely misses you. The black bear claws you. x2
The magic dart hits the black bear.
The black bear is moderately wounded.
The black bear bites you!
* * * LOW HITPOINT WARNING * * *
The black bear claws you.
* * * LOW HITPOINT WARNING * * *
The black bear claws you.
You die...

#.. #.##.#.# #.##.#:# ##
.# #.$..#.. .#..# .
#.##.#.# ##.#.. ..
#.##.#.# #.... ...
#.##.#.# #..# .#..
##[##.#.####..#.....
#...#@..............
#.....#.h..............#
...##..#...######.###...)
# ##...#.# #.# . ##.##.#
... #. #.# .... #. #.#
.#...# .. #.# .#.#.# ..
... .......


You could see a black bear.

Vanquished Creatures
  2 dart slugs (D:1)
  2 endoplasms (D:1)
  4 giant cockroaches (D:1)
  A hobgoblin (D:1)
  3 quokkas (D:1)
  2 ball pythons
  4 bats
  A goblin (D:1)
  A rat (D:2)
20 creatures vanquished.

Vanquished Creatures (others)
  4 toadstools (D:1)
4 creatures vanquished.

Grand Total: 24 creatures vanquished

Notes
Turn   | Place    | Note
-------+----------+-------------------------------------------
     0 | D:1      | Pytinka the Djinni Hedge Wizard began the quest for the
                  | Orb.
     0 | D:1      | Pytinka set off with the following spells memorised: Magic
                  | Dart, Blink, Call Imp, Slow, Conjure Flame, Mephitic Cloud.
     0 | D:1      | Reached XP level 1. HP: 15/15 MP: 0/0
   512 | D:1      | Reached XP level 2. HP: 10/21 MP: 0/0
   675 | D:1      | Found a faded altar of an unknown god.
  1159 | D:1      | Reached skill level 3 in Spellcasting
  1159 | D:1      | Reached XP level 3. HP: 21/25 MP: 0/0
  1159 | D:1      | Learned a level 1 spell: Freeze
  1532 | D:2      | Noticed a black bear
  1559 | D:2      | Slain by a black bear

Illustrated notes

Levels and vault maps discovered:
D:1:      ldierk_walled_garden_2, layout_rooms, basic_ecumenical_altar,
          minmay_worlds_worst_comb
D:2:      layout_loops_ring, minmay_increasing_density, uniq_sigmund

Skill      XL: |  1  2 |
---------------+-------+-----
Spellcasting   | 3 |  3.1
Dodging        | |  2.4
Stealth        | |  1.7

Action                   || total
-------------------------++-------
Melee: Dagger            ||     5
 Cast: Magic Dart        ||    64
Armor: Robe              ||     7
Dodge: Dodged            ||    28
